 Dungeon Crawl Stone Soup version 0.19.0-11-g3fc08b3 (webtiles) character file.

88 mistymad the Ruffian (level 4, -9/38 HPs)
             Began as a Naga Transmuter on Nov 8, 2016.
             Mangled by an orc warrior
             ... wielding a +0 scimitar
              (13 damage)
             ... on level 4 of the Dungeon.
             The game lasted 00:05:41 (2167 turns).

mistymad the Ruffian (Naga Transmuter)              Turns: 2167, Time: 00:05:41

Health: -9/38      AC:  2    Str: 12    XL:     4   Next: 53%
Magic:  6/8        EV: 10    Int: 15    God:
Gold:   109        SH:  0    Dex: 11    Spells: 3 memorised, 2 levels left

rFire  + . .     SeeInvis +       - Unarmed
rCold  . . .     Gourm    .     b - +0 robe
rNeg   . . .     Faith    .     (no shield)
rPois  +         Spirit   .     (no helmet)
rElec  .         Reflect  .     (no cloak)
rCorr  .         Harm     .     (no gloves)
MR     .....                    (no barding)
Stlth  +.........               (no amulet)
                                q - ring of protection from fire
                                (no ring)

@: short of breath, very slow
A: see invisible, deformed body, poison resistance, slowness 2, slow metabolism
1, spit poison 1, AC +1
a: Spit Poison


You were on level 4 of the Dungeon.
You were hungry.

You visited 1 branch of the dungeon, and saw 4 of its levels.

You collected 109 gold pieces.

Inventory:

Missiles
 a - 45 arrows
Armour
 b - a +0 robe (worn)
Jewellery
 q - a ring of protection from fire (right hand)
Scrolls
 e - a scroll of fear {unknown}
 f - 3 scrolls of identify
 g - 5 scrolls of remove curse
 i - 3 scrolls of immolation {unknown}
 j - a scroll of fog {unknown}
 l - 2 scrolls of teleportation {unknown}
 m - a scroll of magic mapping {unknown}
 n - a scroll of blinking {unknown}
Potions
 h - a potion of resistance
 k - 2 potions of heal wounds
Books
 c - a book of Changes

   Spells                             Type                      Level
   a - Beastly Appendage              Transmutation                1
   b - Sticks to Snakes               Transmutation                2
   c - Spider Form                    Transmutation/Poison         3
   d - Ice Form                       Ice/Transmutation            4
   e - Blade Hands                    Transmutation                5
Comestibles
 d - 3 bread rations
 o - 2 meat rations
 p - a beef jerky


   Skills:
 - Level 1.0 Fighting
 - Level 1.5 Dodging
 + Level 3.9 Unarmed Combat
 + Level 2.7 Spellcasting
 + Level 3.1 Transmutations


You had 2 spell levels left.
You knew the following spells:

 Your Spells              Type           Power        Failure   Level  Hunger
a - Beastly Appendage     Tmut           ##....       8%          1    #......
b - Sticks to Snakes      Tmut           ##......     12%         2    ##.....
c - Spider Form           Tmut/Pois      #.........   34%         3    ###....


Dungeon Overview and Level Annotations

Branches:
Dungeon (4/15)
 Temple: D:4-7

Altars:


Innate Abilities, Weirdness & Mutations

You cannot wear boots.
Your serpentine skin is tough. (AC +1)
You have supernaturally acute eyesight. (SInv)
Armour fits poorly on your strangely shaped body.
Your system is resistant to poisons. (rPois)
You cover ground very slowly.
You have a slow metabolism.
You can spit poison.


Message History

You barely miss the orc. The orc closely misses you.
You hit the orc but do no damage.
The orc is poisoned.
The orc closely misses you.
You bite the orc!
You kill the orc!
You completely miss the orc warrior. You hit the orc warrior.
The orc warrior is poisoned.
The orc warrior is lightly wounded.
Your transformation has ended.
Your +0 robe unmelds from your body.
The orc warrior hits you with a scimitar!!
* * * LOW HITPOINT WARNING * * *
You take 18 damage, and have 4/38 hp.
MASSIVE DAMAGE!!
Press: ? - help, Shift-Dir - straight line, f - orc warrior
Aim: an orc warrior, wielding a scimitar and wearing a chain mail (lightly wounded, poisoned)
The splash of poison hits the orc warrior.
The orc warrior is lightly wounded.
You feel slightly more hungry.
The orc warrior hits you with a scimitar!
You die...

###
..#
#.#
#.#
#o#
#@#
###


You could see an orc warrior.

Vanquished Creatures
  An adder (D:2)
  An ooze (D:1)
  2 worms (D:2)
  2 dart slugs (D:2)
  2 leopard geckos (D:3)
  An orc (D:4)
  2 ball pythons
  2 giant cockroaches
  9 goblins
  3 hobgoblins (D:2)
  11 jackals (D:1)
  7 bats
  2 frilled lizards
  4 kobolds
  7 rats
56 creatures vanquished.

Notes
Turn   | Place    | Note
-------+----------+-------------------------------------------
     0 | D:1      | mistymad the Naga Transmuter began the quest for the Orb.
     0 | D:1      | Reached XP level 1. HP: 18/18 MP: 3/3
    46 | D:1      | Reached XP level 2. HP: 17/25 MP: 5/5
   468 | D:1      | Reached XP level 3. HP: 23/31 MP: 6/6
   770 | D:1      | Learned a level 2 spell: Sticks to Snakes
   774 | D:1      | Learned a level 3 spell: Spider Form
  1391 | D:2      | Reached XP level 4. HP: 37/38 MP: 1/8
  1938 | D:3      | Noticed an orc warrior
  2167 | D:4      | Mangled by an orc warrior

Skill      XL: |  1  2  3  4 |
---------------+-------------+-----
Transmutations | 3 |  3.1
Fighting       | |  1.0
Dodging        | |  1.5
Unarmed Combat | |  3.9
Spellcasting   | |  2.7

Action                   |  1- 3 |  4- 6 || total
-------------------------+-------+-------++-------
Melee: Unarmed           |   120 |    64 ||   184
       Headbutt          |     2 |       ||     2
       Punch             |     1 |       ||     1
 Cast: Beastly Appendage |     4 |       ||     4
       Spider Form       |     2 |     3 ||     5
 Abil: Spit Poison       |    10 |     4 ||    14
  Use: Scroll            |       |     3 ||     3
 Stab: Sleeping          |     1 |     1 ||     2
  Eat: Chunk             |     2 |     2 ||     4
Armor: Robe              |    16 |    13 ||    29
       Skin              |     1 |       ||     1
Dodge: Dodged            |    79 |    47 ||   126
